 Dungeon Crawl Stone Soup version 0.28-a0-1117-g0bdd5ba030 (webtiles) character file.

Game seed: 16129742310756006665

1495 blank1 the Basher (level 8, -11/75 HPs)
             Began as a Minotaur Fighter on Dec 11, 2021.
             Mangled by a hornet (12 damage)
             ... on level 5 of the Dungeon.
             The game lasted 00:06:13 (4433 turns).

blank1 the Basher (Minotaur Fighter)                Turns: 4433, Time: 00:06:13

Health: -11/75     AC:  9    Str: 23    XL:     8   Next: 51%
Magic:  0/7        EV:  7    Int:  5    God:
Gold:   259        SH:  8    Dex: 10    Spells: 7/7 levels left

rFire   . . .      SeeInvis .   x - +1 flail (holy)
rCold   . . .      Faith    .   k - +0 kite shield
rNeg    . . .      Spirit   +   j - +0 chain mail
rPois   .          Reflect  .   (helmet restricted)
rElec   .          Harm     .   (no cloak)
rCorr   +          Rampage  .   (no gloves)
Will    .....                   (no boots)
Stlth   ..........              r - amulet of guardian spirit
HPRegen 0.22/turn               o - ring of resist corrosion
MPRegen 0.10/turn               (no ring)

@: mighty, lethally poisoned (-11 -> -14), slowed, very slow
A: horns 2, retaliatory headbutt
a: no special abilities


You were on level 5 of the Dungeon.
You visited 1 branch of the dungeon, and saw 5 of its levels.

You collected 259 gold pieces.

Inventory:

Hand Weapons
 x - a +1 flail of holy wrath (weapon)
Armour
 j - a +0 chain mail (worn)
 k - a +0 kite shield (worn)
Jewellery
 o - a ring of resist corrosion (left hand)
 r - an amulet of guardian spirit (around neck)
Wands
 l - a wand of iceblast (10)
Scrolls
 b - 2 scrolls of vulnerability {unknown}
 g - 2 scrolls of identify {unknown}
 h - a scroll of silence {unknown}
 m - a scroll of enchant weapon {unknown}
 n - 2 scrolls of summoning {unknown}
 q - a scroll of enchant armour {unknown}
 u - a scroll of torment {unknown}
 w - a scroll of magic mapping {unknown}
Potions
 c - a potion of flight {unknown}
 e - 2 potions of berserk rage {unknown}
 f - a potion of mutation {unknown}
 i - a potion of brilliance {unknown}
 p - a potion of lignification {unknown}
 s - a potion of attraction {unknown}
 t - a potion of ambrosia {unknown}
 v - a potion of degeneration {unknown}


   Skills:
 + Level 8.5 Fighting
 + Level 8.5 Maces & Flails
 - Level 5.0 Armour
 - Level 3.0 Dodging
 - Level 5.0 Shields


You had 7 spell levels left.
You didn't know any spells.
Your spell library contained the following spells:

 Spells                   Type           Power      Damage    Failure   Level
 Foxfire                  Conj/Fire      0%         2x1d4     100%        1
 Freeze                   Ice            0%         1d3       100%        1
 Conjure Flame            Conj/Fire      0%         6-21      100%        3
 Frozen Ramparts          Ice            0%         1d2       100%        3
 Inner Flame              Hex/Fire       0%         N/A       100%        3
 Flame Wave               Conj/Fire      0%         2d4       100%        4
 Hailstorm                Conj/Ice       0%         3d3       100%        4
 Dispersal                Tloc           0%         N/A       100%        6
 Disjunction              Tloc           0%         N/A       100%        8


Dungeon Overview and Level Annotations

Branches:
Dungeon (5/15)
 Temple: D:4-7

Altars:
Qazlal
Yredelemnul
Zin

Shops:
D:1 *


Innate Abilities, Weirdness & Mutations

You have a pair of horns on your head.
You reflexively headbutt those who attack you in melee.


Message History

The wyvern bites you but does no damage.
You completely miss the wyvern. Your headbutt misses the wyvern.
The wyvern is severely wounded.
The wyvern completely misses you. You furiously retaliate!
You headbutt the wyvern! You hit the wyvern but do no damage.
The wyvern is almost dead.
You block the wyvern's attack. The wyvern barely misses you.
You furiously retaliate!
You headbutt the wyvern.
You kill the wyvern!
You miss the hornet. Your headbutt misses the hornet.
The hornet closely misses you. The hornet stings you!
You feel yourself slow down.
You barely miss the hornet.
You feel yourself speed up. The hornet stings you.
* * * LOW HITPOINT WARNING * * *
You feel yourself slow down. The hornet stings you.
* * * LOW HITPOINT WARNING * * *
You suddenly lose the ability to move!
You can move again.
You feel very mighty all of a sudden.
The hornet stings you but does no damage.
The hornet stings you.
* * * LOW HITPOINT WARNING * * *
You are poisoned.
You feel as though you will be slow longer.
You block the hornet's attack.
You sock the hornet! Your headbutt misses the hornet.
The hornet is moderately wounded.
You feel very sick. The hornet barely misses you. The hornet stings you!
* * * LOW HITPOINT WARNING * * *
You feel as though you will be slow longer.
You closely miss the hornet.
The hornet is moderately wounded.
* * * LOW HITPOINT WARNING * * *
You feel very sick. The hornet stings you!
You die...

### #........# ..##
#......>.# ...##
#.######.# ....# #.#
###.####.# ....#
#.####........#
....###.##)).#.######
....##..##.###.###
...)##.##..# #...#
....#..#..## ###@#
....#.##.## #y#
.)..#.#..# #.#
....#.#.## #.##
....#.#.# #..#
....#.#.#### #..#
..#...#.##... #..# .
##.†....#.....##†##....
...#.####......).†......


You could see a hornet.

Vanquished Creatures
  Sigmund (D:2)
  A wyvern (D:5)
  Eustachio (D:4)
  Edmund (D:5)
  2 black bears
  2 necrophages
  2 water moccasin zombies
  A water moccasin skeleton (D:5)
  A howler monkey (D:5)
  A crimson imp (D:4)
  An iguana (D:4)
  3 scorpion zombies (D:4)
  2 orc wizards
  A hound zombie (D:4)
  5 gnolls (D:5)
  5 adders
  3 white imps
  An adder skeleton (D:4)
  A worm (D:3)
  3 dart slugs
  7 orcs
  2 endoplasms
  5 giant cockroaches
  8 hobgoblins
  3 kobolds
  3 ball pythons
  3 bats
  A frilled lizard (D:2)
70 creatures vanquished.

Notes
Turn   | Place    | Note
-------+----------+-------------------------------------------
     0 | D:1      | blank1 the Minotaur Fighter began the quest for the Orb.
     0 | D:1      | Reached XP level 1. HP: 19/19 MP: 0/0
   290 | D:1      | Reached XP level 2. HP: 27/27 MP: 1/1
   519 | D:1      | Found Origir's Assorted Antiques.
  1000 | D:2      | You fall into a shaft and drop 2 floors!
  1030 | D:4      | Reached skill level 1 in Dodging
  1030 | D:4      | Reached XP level 3. HP: 22/33 MP: 2/2
  1260 | D:4      | Reached XP level 4. HP: 38/41 MP: 3/3
  1536 | D:2      | Noticed Sigmund
  1547 | D:2      | Killed Sigmund
  1548 | D:2      | Reached skill level 5 in Fighting
  1548 | D:2      | Reached skill level 5 in Maces & Flails
  1548 | D:2      | Reached XP level 5. HP: 17/48 MP: 4/4
  1548 | D:2      | Reached XP level 6. HP: 20/56 MP: 5/5
  2395 | D:3      | Found a glowing silver altar of Zin.
  3099 | D:4      | Noticed Eustachio
  3121 | D:4      | Killed Eustachio
  3122 | D:4      | Reached XP level 7. HP: 21/64 MP: 6/6
  3597 | D:4      | Found a basalt altar of Yredelemnul.
  3670 | D:5      | Entered Level 5 of the Dungeon
  3682 | D:5      | Found a stormy altar of Qazlal.
  3792 | D:5      | Noticed Edmund
  3803 | D:5      | Killed Edmund
  3804 | D:5      | Reached skill level 5 in Armour
  3804 | D:5      | Reached skill level 5 in Shields
  3804 | D:5      | Reached XP level 8. HP: 46/73 MP: 4/7
  4409 | D:5      | Noticed a hornet
  4430 | D:5      | Paralysed by a hornet for 1 turns
  4433 | D:5      | HP: 1/75 [poisoned by a hornet]
  4433 | D:5      | Mangled by a hornet

Illustrated notes

Levels and vault maps discovered:
D:1:      saegor_arrival_simple_a, layout_loops_ring, serial_shops, shop,
          chequers_serial_rivers_room_b
D:2:      layout_loops_cross, minmay_misc_feat_pillars, st_stairs_14,
          kennysheep_decorative_pillar, uniq_sigmund
D:3:      layout_loops_corners, marbit_many_paths,
          chequers_serial_rivers_small_3
D:4:      layout_rooms, nicolae_yredelemnul_corpse_copse,
          minmay_fire_ice_demons, uniq_eustachio
D:5:      minmay_octagon_keep, layout_rooms, nicolae_qazlal_scattered_showers,
          uniq_edmund

Skill      XL: |  1  2  3  4  5  6  7  8 |
---------------+-------------------------+-----
Fighting       | 4 5 6 7 8 |  8.5
Maces & Flails | 3 5 6 7 8 |  8.5
Armour         | 4 5 |  5.0
Dodging        | 1 2 3 |  3.0
Shields        | 4 5 |  5.0

Action                   |  1- 3 |  4- 6 |  7- 9 || total
-------------------------+-------+-------+-------++-------
Melee: Flail             |    56 |    70 |   109 ||   235
       Headbutt          |    11 |    12 |    20 ||    43
  Use: Potion            |       |     1 |     1 ||     2
Armor: Scale mail        |    15 |       |       ||    15
       Chain mail        |    11 |    27 |    52 ||    90
Dodge: Dodged            |    21 |    29 |    27 ||    77
Block: Buckler           |    12 |       |       ||    12
       Kite shield       |     5 |    30 |    39 ||    74

Table legend: (Time is in decaauts)
 A = Elapsed time spent in this place.
 B = Non-inter-level travel time spent in this place.
 C = Inter-level travel time spent in this place.
 D = Time resting spent in this place.
 E = Time spent auto-exploring this place.
 F = Levels seen in this place.
 G = Mean time per level.
                   A        B        C        D        E       F      G
               +--------+--------+--------+--------+--------+-----+--------+
         Total |   4507 |   4435 |     72 |    421 |   3122 |   5 |  901.4 |
       Dungeon |   4507 |   4435 |     72 |    421 |   3122 |   5 |  901.4 |
               +--------+--------+--------+--------+--------+-----+--------+

Top non-repeatable levels by time:
     D:4: 1168 daAuts
     D:1: 880 daAuts
     D:3: 855 daAuts
     D:2: 820 daAuts
     D:5: 781 daAuts
